 Dungeon Crawl Stone Soup version 0.25.1-8-g42b30a86e7 (webtiles) character file.

Game seed: 7698682452363399707

65 pokeman the Magician (level 3, 0/20 HPs)
             Began as a Deep Elf Wizard on Dec 6, 2020.
             Slain by a hobgoblin
             ... wielding a +0 club
             ... led by Robin
              (3 damage)
             ... on level 2 of the Dungeon.
             The game lasted 00:03:17 (1592 turns).

pokeman the Magician (Deep Elf Wizard)              Turns: 1592, Time: 00:03:18

Health: 0/20       AC:  2    Str:  4    XL:     3   Next: 94%
Magic:  0/12       EV: 13    Int: 23    God:
Gold:   80         SH:  0    Dex: 13    Spells: 2/13 levels left

rFire    . . .     SeeInvis .   k - +0 short sword (speed)
rCold    . . .     Gourm    .   (no shield)
rNeg     . . .     Faith    .   a - +0 robe
rPois    .         Spirit   .   b - +0 hat
rElec    .         Reflect  .   (no cloak)
rCorr    .         Harm     .   (no gloves)
MR       .....                  (no boots)
Stlth    ++........             (no amulet)
HPRegen  0.06/turn              (no ring)
MPRegen  0.13/turn              (no ring)

@: very slightly contaminated
A: no striking features
a: no special abilities


You were on level 2 of the Dungeon.
You were not hungry.

You visited 1 branch of the dungeon, and saw 2 of its levels.

You collected 80 gold pieces.

Inventory:

Hand Weapons
 k - a +0 short sword of speed (weapon)
Armour
 a - a +0 robe (worn)
 b - a +0 hat (worn)
Wands
 p - a wand of flame (25)
Scrolls
 e - 2 scrolls of remove curse {unknown}
 f - a scroll of magic mapping {unknown}
 h - 3 scrolls of identify {unknown}
Potions
 c - 4 potions of heal wounds {unknown}
 g - 2 potions of experience {unknown}
 i - a potion of mutation {unknown}
 j - a potion of degeneration {unknown}
 l - 3 potions of curing {unknown}
 m - a potion of brilliance {unknown}
 n - 2 potions of stabbing {unknown}
 q - a potion of lignification {unknown}
Comestibles
 d - 6 rations
 o - 3 chunks of flesh


   Skills:
 - Level 1.0 Fighting
 - Level 1.0 Armour
 + Level 2.5 Dodging
 - Level 2.4 Stealth
 * Level 5.5 Spellcasting
 + Level 2.0 Conjurations
 - Level 1.1 Summonings
 - Level 1.1 Translocations
 + Level 0.2 Fire Magic


You had 2 spell levels left.
You knew the following spells:

 Your Spells              Type           Power        Failure   Level  Hunger
a - Magic Dart            Conj           ###.         3%          1    None
b - Mephitic Cloud        Conj/Pois/Air  #.......     21%         3    ##.....
c - Call Imp              Summ           ##......     9%          2    None
d - Blink                 Tloc           N/A          9%          2    None
e - Conjure Flame         Conj/Fire      ##......     17%         3    ##.....

Your spell library contained the following spells:

 Spells                   Type           Power        Failure   Level  Hunger
 Slow                     Hex            #.......     14%         2    None


Dungeon Overview and Level Annotations

Branches:
Dungeon (2/15)

Altars:
Uskayaw


Message History

* * * LOW HITPOINT WARNING * * *
The hobgoblin throws a silver javelin.
The silver javelin barely misses your shadow imp.
The silver javelin pierces through the hobgoblin.
The hobgoblin dies!
The silver javelin pierces through you but does no damage.
* * * LOW HITPOINT WARNING * * *
Unknown command.
Your shadow imp hits the hobgoblin.
The hobgoblin barely misses you.
Your shadow imp completely misses the hobgoblin.
You barely miss the hobgoblin.
The hobgoblin is severely wounded.
The hobgoblin hits you but does no damage.
You hit the hobgoblin.
The hobgoblin is almost dead.
Your shadow imp hits the hobgoblin.
The hobgoblin dies!
The hobgoblin hits you with a +0 club.
You die...

### ##.##
#####.#.##############
#....###.#...........#
#.###.#.##..##.......#
#.##.....#..##...#...#
##.##.#.#.#..###g#_#..#
#........รท.g5#
#.g#...# #..##.#.#.#@##
#.....(# #..##.....#.#
###.##.# #..#........#
#...(#
#####..#........#
####)#
#......#......(.#
#.....#
#.###.##........#
#.#g....#
#...#.##.......##
#.#)#..... ##.#.#
....... # #.#####.
##....# ....... ..#


You could see a hobgoblin and a friendly shadow imp (summoned).

Vanquished Creatures
  Robin (D:2)
  An adder (D:2)
  A dart slug (D:1)
  A leopard gecko (D:1)
  2 bats (D:1)
  2 giant cockroaches (D:1)
  9 goblins
  7 hobgoblins
  3 jackals (D:1)
  A frilled lizard (D:2)
  5 kobolds (D:1)
  4 rats
37 creatures vanquished.

Vanquished Creatures (collateral kills)
  A hobgoblin (D:2)
1 creature vanquished.

Vanquished Creatures (others)
  A hobgoblin (D:2)
1 creature vanquished.

Grand Total: 39 creatures vanquished

Notes
Turn   | Place    | Note
-------+----------+-------------------------------------------
     0 | D:1      | pokeman the Deep Elf Wizard began the quest for the Orb.
     0 | D:1      | Reached XP level 1. HP: 10/10 MP: 7/7
   199 | D:1      | Reached XP level 2. HP: 14/15 MP: 0/9
   718 | D:1      | Reached skill level 5 in Spellcasting
   901 | D:1      | Reached XP level 3. HP: 20/20 MP: 4/11
  1092 | D:2      | Noticed Robin
  1116 | D:1      | Learned a level 3 spell: Mephitic Cloud
  1119 | D:1      | Learned a level 2 spell: Call Imp
  1122 | D:1      | Learned a level 2 spell: Blink
  1126 | D:1      | Learned a level 3 spell: Conjure Flame
  1203 | D:2      | Reached skill level 1 in Armour
  1424 | D:2      | Found a hide-covered altar of Uskayaw.
  1542 | D:2      | Found a faded altar of an unknown god.
  1554 | D:2      | Reached skill level 1 in Fighting
  1563 | D:2      | Killed Robin
  1592 | D:2      | Slain by a hobgoblin

Illustrated notes

Levels and vault maps discovered:
D:1:      dpeg_arrival_pits, layout_rooms
D:2:      layout_loops_ring, eat_drink_and_be_merry_uskayaw,
          gammafunk_temple_overflow_wave, first_ration,
          chequers_ecumenical_altar_simple, uniq_robin

Skill      XL: |  1  2  3 |
---------------+----------+-----
Spellcasting   | 5 |  5.5
Armour         | 1 |  1.0
Conjurations   | 2 |  2.0
Fighting       | 1 |  1.0
Dodging        | |  2.5
Stealth        | |  2.4
Summonings     | |  1.1
Translocations | |  1.1
Fire Magic     | |  0.2

Action                   || total
-------------------------++-------
Melee: Unarmed           ||     5
       Short sword       ||    15
 Cast: Magic Dart        ||    83
       Conjure Flame     ||     1
       Mephitic Cloud    ||     1
       Call Imp          ||     1
  Eat: Chunk             ||     2
Armor: Robe              ||    11
Dodge: Dodged            ||    32
